[Event "Live Chess"]
[Site "Chess.com"]
[Date "2024.06.02"]
[Round "-"]
[White "DylanMeyer1"]
[Black "jimwad"]
[Result "1/2-1/2"]
[WhiteElo "1711"]
[BlackElo "1322"]
[TimeControl "300"]
[EndTime "6:50:00 PDT"]
[Termination "Game drawn - insufficient material"]

1. c4 e5 2. Nc3 Nc6 3. g3 g6 4.
Bg2 Bg7 5. e3 d6 6. Nge2 Bd7 7.
O-O Nge7 8. d4 exd4 9. exd4 O-O 10. b3 Nf5 11. d5 Ne5 12. Bb2 c6 13. Qd2 cxd5 14.
Nxd5 Bc6 15. Rab1 Nd7 16. Bxg7 Kxg7 17. Nd4 Nxd4 18. Qxd4+ f6 19. Rbe1 Bxd5 20. Qxd5 Ne5 21. f4 Nc6 22. Re6 Qd7 23. Rxd6 Qg4 24. Rd7+ Kh8 25. Rxb7 Rad8 26. Qxc6 Qe2 27. Qc5 Rfe8 28. h3 Qe3+ 29. Qxe3 Rxe3 30. Rxa7 Rxg3 31. Kf2 Rgd3 32. Re1 Rd2+ 33. Re2 Rxe2+ 34. Kxe2 Re8+ 35. Kf3 Rd8 36. Re7 Rd2 37. Re3 Rxa2 38. b4 Rb2 39. b5 Kg8 40. b6 Rxb6 41. Rc3 Rc6 42. c5 Kf8 43. Ke3 Rc7 44.
Kd4 Ke7 45. Kd5 Kd7 46. c6+ Ke7 47. Kc5 f5 48. Kb6 Kd8 49. Rd3+ Kc8 50. Rd7 Rxd7 51. cxd7+ Kxd7 52. Kc5 Ke6 53. Kd4 Kf6 54. h4 h6 55.
Kd5 g5 56. hxg5+ hxg5 57. fxg5+ Kxg5 58. Bf3 Kf4 59. Bg2 Kg3 60. Bh1 f4 61. Ke4 Kh2 62.
Bf3 Kg3 63. Bh5 f3 64. Bxf3 1/2-1/2

[Event "Live Chess"]
[Site "Chess.com"]
[Date "2024.06.02"]
[Round "-"]
[White "KeithArkell"]
[Black "NAZRIZ1977"]
[Result "1-0"]
[WhiteElo "2424"]
[BlackElo "2069"]
[TimeControl "300"]
[EndTime "6:50:00 PDT"]
[Termination "KeithArkell won by resignation"]

1. d4 c5 2. d5 d6 3. Nf3 g6 4. Nc3 Bg7 5. e4 Nf6 6. Bb5+ Bd7 7. a4 O-O 8. h3 a6 9. Bc4 Bc8 10. O-O Nbd7 11. Re1 b6 12. Bf4 Nh5 13. Bh2 Rb8 14. e5 dxe5 15. Nxe5 Nxe5 16. Bxe5 Bxe5 17. Rxe5 Qc7 18.
Qe2 Rb7 19. Re1 Re8 20. Qe3 Ng7 21. Qf3 e6 22. dxe6 Nxe6 23. Nd5 1-0

[Event "Live Chess"]
[Site "Chess.com"]
[Date "2024.06.02"]
[Round "-"]
[White "Nazar-Makarchuk"]
[Black "Mangoalo"]
[Result "1-0"]
[WhiteElo "1495"]
[BlackElo "1068"]
[TimeControl "300"]
[EndTime "6:50:04 PDT"]
[Termination "Nazar-Makarchuk won by resignation"]

1. e4 e6 2. d4 d5 3. exd5 exd5 4. Nc3 Nf6 5. Nf3 Bb4 6. Bg5 Nc6 7. Bb5 Bxc3+ 8.
bxc3 Bd7 9. O-O a6 10. Bxc6 Bxc6 11. Ne5 Bd7 12. Nxd7 Qxd7 13. Bxf6 gxf6 14. Qe2+ Qe7 15. Qxe7+ Kxe7 16. Rfe1+ 1-0

[Event "Live Chess"]
[Site "Chess.com"]
[Date "2024.06.02"]
[Round "-"]
[White "Pandreq"]
[Black "RichardABates"]
[Result "0-1"]
[WhiteElo "1236"]
[BlackElo "2368"]
[TimeControl "300"]
[EndTime "6:50:09 PDT"]
[Termination "RichardABates won by checkmate"]

1. d4 Nf6 2. c4 e6 3. a3 c5 4. d5 exd5 5. cxd5 d6 6. Nc3 g6 7. Nf3 Bg7 8. e4 O-O 9. Bd3 Bg4 10. O-O Nbd7 11. Bg5 h6 12. Bf4 Qe7 13. Re1 Nh5 14. Bd2 Ne5 15. Be2 Bxf3 16. Bxf3 Nd3 17. Re2 Nhf4 18. Bxf4 Nxf4 19. Rc2 a6 20. Ne2 g5 21.
Nxf4 gxf4 22. Qd3 Bd4 23. Re1 Qe5 24. Ree2 Kh8 25. Bg4 Rg8 26. Bf5 Rg5 27. Qh3 Kg7 28. Kf1 Rg8 29. f3 b5 30. Ke1 c4 31. Kd1 Be3 32. Ke1 Bc5 33. Kf1 Qd4 34. Ke1 Qg1+ 35. Kd2 Be3+ 36. Kc3 Qd1 37. Kb4 Qd4 38. Qh4 a5+ 39.
Kxb5 Rb8+ 40. Kxa5 Qa7# 0-1

[Event "Live Chess"]
[Site "Chess.com"]
[Date "2024.06.02"]
[Round "-"]
[White "Grace6363"]
[Black "Duke_of_Bebington"]
[Result "1/2-1/2"]
[WhiteElo "1146"]
[BlackElo "1594"]
[TimeControl "300"]
[EndTime "6:50:11 PDT"]
[Termination "Game drawn by repetition"]

1. d4 d5 2. c4 c6 3. Nc3 e5 4.
dxe5 d4 5. Ne4 Qa5+ 6. Bd2 Qxe5 7. f3 Be7 8. e3 dxe3 9. Bxe3 Qxb2 10. Bd4 Qb4+ 11.
Bc3 Qa3 12. Qb3 Qxb3 13. axb3 Nf6 14. Bd3 Nxe4 15. Bxe4 O-O 16. Ne2 Be6 17. O-O Nd7 18. Nf4 Nc5 19. Bc2 Rfd8 20. Rfd1 a6 21. b4 Nd7 22.
Nxe6 fxe6 23. Be4 Nf6 24. Bxf6 Bxf6 25. Rab1 g6 26. g4 Kf7 27. h3 Bd4+ 28. Kg2 Rd7 29. Rb3 Rad8 30. Rbd3 Ke7 31. f4 Bg7 32. Rxd7+ Rxd7 33. Rxd7+ Kxd7 34. f5 exf5 35. gxf5 gxf5 36. Bxf5+ Kc7 37. Bxh7 Bc3 38. b5 a5 39. Bc2 cxb5 40. cxb5 Kb6 41. Ba4 Kc5 42. Kf2 Kb4 43. Bd1 Kxb5 44.
Ke3 Kc5 45. Kd3 Bf6 46. Kc2 b5 47. Kb3 a4+ 48. Ka2 Bh4 49. Ka3 Be1 50. Bc2 Kd4 51.
Bxa4 b4+ 52. Kb3 Kc5 53. Be8 Bh4 54. Bd7 Bg3 55. Be8 Bh4 56. Bd7 Bf2 57. Be8 Bh4 1/2-1/2

[Event "Live Chess"]
[Site "Chess.com"]
[Date "2024.06.02"]
[Round "-"]
[White "Plimsol"]
[Black "nyclone"]
[Result "1-0"]
[WhiteElo "2349"]
[BlackElo "1147"]
[TimeControl "300"]
[EndTime "6:50:26 PDT"]
[Termination "Plimsol won by checkmate"]

1. e4 e6 2. d4 b6 3. Nc3 Bb7 4. Nf3 Bb4 5. Bd3 Bxc3+ 6. bxc3 Nf6 7. Qe2 O-O 8. O-O h6 9. a4 d5 10. e5 Ne4 11. Bb2 Nd7 12. c4 f6 13. cxd5 exd5 14. c4 fxe5 15. Nxe5 Nxe5 16. dxe5 Qg5 17. cxd5 Nd2 18. Bc1 Bxd5 19. f4 Qxg2+ 20. Qxg2 Bxg2 21.
Kxg2 Nxf1 22. Bxf1 Rad8 23. Be3 c5 24. a5 Rf5 25. Bc4+ Kf8 26. Be6 Rh5 27. Bg4 Rh4 28. Kg3 g5 29. fxg5 hxg5 30. Bxg5 Rxg4+ 31. Kxg4 Rd4+ 32. Kf5 Rb4 33. axb6 axb6 34. Kf6 Ke8 35. e6 c4 36.
Ra8# 1-0

[Event "Live Chess"]
[Site "Chess.com"]
[Date "2024.06.02"]
[Round "-"]
[White "PavelChernomordik"]
[Black "gmnorfolk"]
[Result "1/2-1/2"]
[WhiteElo "2502"]
[BlackElo "2151"]
[TimeControl "300"]
[EndTime "6:50:39 PDT"]
[Termination "Game drawn - insufficient material"]

1. e4 c5 2. Nc3 d6 3. f4 g6 4. Nf3 Bg7 5. g3 Nc6 6. Bg2 e6 7. d3 Nge7 8. Be3 O-O 9. O-O b6 10. d4 Ba6 11. Rf2 d5 12. Rd2 dxe4 13. Nxe4 Nf5 14.
Bf2 cxd4 15. g4 Nd6 16. Nxd4 Nxe4 17. Bxe4 Nxd4 18. Bxa8 Ne2+ 19. Qxe2 Bxe2 20. Rxd8 Rxd8 21. Be4 Bxg4 22. a4 Bxb2 23. Ra2 Bd4 24. a5 f5 25. axb6 axb6 26. Bd3 Bxf2+ 27. Kxf2 Rd6 28. Ra7 h6 29.
Ke3 g5 30. c4 Bh3 31. Be2 Bg2 32. Ra6 gxf4+ 33. Kxf4 Rd4+ 34. Kg3 Be4 35. Rxb6 e5 36. Rxh6 f4+ 37. Kf2 Rd2 38. Ke1 Rc2 39. Re6 f3 40. Bxf3 Bxf3 41. Rxe5 Rxc4 42. Kf2 Rc2+ 43. Kxf3 Rxh2 44.
Kg4 Rg2+ 45. Kf3 Rg7 46. Kf4 Rf7+ 47. Rf5 Rxf5+ 48. Kxf5 1/2-1/2

[Event "Live Chess"]
[Site "Chess.com"]
[Date "2024.06.02"]
[Round "-"]
[White "JanMur7"]
[Black "V1nas"]
[Result "1-0"]
[WhiteElo "2297"]
[BlackElo "1314"]
[TimeControl "300"]
[EndTime "6:50:46 PDT"]
[Termination "JanMur7 won by resignation"]

1. c4 e6 2. Nc3 d5 3. d4 c5 4. cxd5 cxd4 5. Qxd4 Nc6 6. Qd1 exd5 7. Qxd5 Qc7 8. Nf3 Be6 9. Qd1 Rd8 10. Qa4 Nf6 11. Bf4 Qd7 12. e3 Bb4 13. Be2 Bxc3+ 14. bxc3 O-O 15. O-O Nd5 16. Qc2 Nxf4 17. exf4 Bf5 18.
Qb2 Qc7 19. g3 Bg4 20. Rfd1 Rfe8 21. Rxd8 Rxd8 22. Rd1 Rxd1+ 23. Bxd1 b6 24. Qd2 Na5 25. Ne5 Bxd1 26. Qxd1 h6 27. Qd5 Qxc3 28. Qxf7+ Kh7 29. Qg6+ Kg8 30. Qe6+ Kh7 31. Ng6 Qf3 32. f5 Nb7 33.
Ne7 Qd1+ 34. Kg2 1-0

[Event "Live Chess"]
[Site "Chess.com"]
[Date "2024.06.02"]
[Round "-"]
[White "wadsy27"]
[Black "Purple1szed"]
[Result "1-0"]
[WhiteElo "2585"]
[BlackElo "2027"]
[TimeControl "300"]
[EndTime "6:50:49 PDT"]
[Termination "wadsy27 won by resignation"]

1. c4 e5 2. g3 Nf6 3. Bg2 d5 4. cxd5 Nxd5 5. Nf3 Nc6 6. O-O Be7 7. Nc3 Nb6 8. a3 Be6 9. d3 O-O 10. Be3 Qd7 11. Ne4 h6 12. Nc5 Bxc5 13. Bxc5 Rfe8 14. Rc1 Bh3 15. b4 Bxg2 16. Kxg2 f5 17. Qb3+ Qe6 18.
Qxe6+ Rxe6 19. e4 fxe4 20. dxe4 Rd8 21. Rfd1 Ree8 22. b5 Nd4 23. Nxd4 exd4 24. Bxd4 Rxe4 25.
Be3 Rxd1 26. Rxd1 Re7 27. Rd8+ Kf7 28. Rb8 c6 29. bxc6 bxc6 30. Bxb6 axb6 31. Rxb6 Rc7 32. Kf3 c5 33. Ke3 c4 34. Rb2 c3 35. Rc2 Kf6 36.
Kd3 Ra7 37. Rxc3 Rd7+ 38. Ke3 Re7+ 39. Kf4 Ra7 40. h4 Ra4+ 41. Kf3 h5 42. Ke3 Ra6 43. Kd3 g6 44. Kc4 Kf5 45. Kb5 Ra8 46. a4 Kg4 47. a5 Rf8 48. f4 Rf5+ 49. Kb6 Rf6+ 50. Rc6 Rf8 51. Rxg6+ Kf3 52. a6 Rb8+ 53. Kc7 Rb1 54. a7 Rc1+ 55. Kb7 Rb1+ 56. Rb6 Ra1 57. a8=Q Rxa8 58.
Kxa8 Kxg3 59. Rg6+ Kxf4 60. Rg5 Kf3 61. Kb7 Kf4 62.
Kc6 Kf3 63. Kd5 Kf4 64. Rxh5 Kg4 65. Rg5+ Kxh4 66. Rg8 Kh3 67. Ke5 1-0

[Event "Live Chess"]
[Site "Chess.com"]
[Date "2024.06.02"]
[Round "-"]
[White "gobbles19"]
[Black "Ninifu"]
[Result "1-0"]
[WhiteElo "2202"]
[BlackElo "2007"]
[TimeControl "300"]
[EndTime "6:50:53 PDT"]
[Termination "gobbles19 won on time"]

1. e4 d5 2. exd5 Nf6 3. Bb5+ Nbd7 4. d4 Nxd5 5. Nf3 c6 6. Be2 e6 7. O-O Be7 8. c4 N5f6 9. Nc3 O-O 10. h3 b6 11. Bf4 Bb7 12. Qd2 Rc8 13. Rad1 c5 14. d5 exd5 15. cxd5 Re8 16. Rfe1 Bf8 17. Bd3 a6 18. a4 b5 19. axb5 c4 20. Bf5 axb5 21.
Nxb5 Rc5 22. Nc3 Rxe1+ 23. Rxe1 Nb6 24. Be3 Ra5 25. Ne5 Nbxd5 26. Nxc4 Ra8 27. Rd1 Nxe3 28. Qxe3 Qc7 29. Ne5 Bc5 30. Qf4 Re8 31. Nd3 Qxf4 32. Nxf4 g6 33. Bc2 Kg7 34. Ncd5 h5 35. Nxf6 Kxf6 36. Nd3 Bb6 37. Bb3 Re2 38. Bc4 Be4 39. Nc5 Rxf2 40. Nxe4+ 1-0

[Event "Live Chess"]
[Site "Chess.com"]
[Date "2024.06.02"]
[Round "-"]
[White "Bradfield133"]
[Black "dmitro74"]
[Result "1-0"]
[WhiteElo "1844"]
[BlackElo "1745"]
[TimeControl "300"]
[EndTime "6:51:13 PDT"]
[Termination "Bradfield133 won on time"]

1. c4 e5 2. g3 c6 3. d4 exd4 4. Qxd4 Nf6 5. Nc3 Be7 6. Bg2 O-O 7. Nf3 d5 8. cxd5 Nxd5 9. Nxd5 Qxd5 10. Qxd5 cxd5 11. Be3 Bb4+ 12. Bd2 Bxd2+ 13. Nxd2 Be6 14. Nf3 Nc6 15. O-O d4 16. Rfd1 Rfd8 17. Rd2 Bc4 18. b3 Ba6 19. Rad1 Kf8 20. Kf1 Re8 21. Rc1 Rad8 22.
Ne1 Re7 23. Bxc6 Rc7 24. Nf3 d3 25. exd3 Bxd3+ 26. Kg2 bxc6 27. Rc3 Rcd7 28. Rxc6 Be4 29. Rxd7 Rxd7 30. Rc8+ Ke7 31. Rc3 Rd3 32. Rxd3 Bxd3 33. Nd2 Kd6 34. Kf3 Kd5 35. Ke3 Bb5 36. f3 f5 37. h4 h6 38. Nb1 Ke5 39. Nc3 Bc6 40. f4+ Kd6 41. Kd4 g6 42. a3 Bg2 43. b4 Bf1 44. a4 a6 45. b5 axb5 46. Nxb5+ Kc6 47. Ke5 Bc4 48. Kf6 Bb3 49. Nd4+ Kc5 50. Nxb3+ Kb4 51. Kxg6 Kxb3 52. a5 Kc4 53. a6 h5 54. a7 Kd4 55.
a8=Q Ke3 56. Kxf5 Kf2 57. Qh8 Kxg3 58. Qxh5 Kf2 59. Ke4 Kg3 60. f5 Kh3 61. f6 1-0

[Event "Live Chess"]
[Site "Chess.com"]
[Date "2024.06.02"]
[Round "-"]
[White "Purple1szed"]
[Black "PavelChernomordik"]
[Result "0-1"]
[WhiteElo "2026"]
[BlackElo "2503"]
[TimeControl "300"]
[EndTime "6:51:29 PDT"]
[Termination "PavelChernomordik won by resignation"]

1. e4 g6 2. d4 Bg7 3. Nf3 d6 4. Be3 Nf6 5. h3 Nxe4 6. Nc3 Nxc3 7. bxc3 c5 8. Qd2 Qa5 9. Be2 Nc6 10.
d5 Bxc3 11. Kf1 0-1

[Event "Live Chess"]
[Site "Chess.com"]
[Date "2024.06.02"]
[Round "-"]
[White "Plato_77"]
[Black "booktrunk"]
[Result "0-1"]
[WhiteElo "1311"]
[BlackElo "1503"]
[TimeControl "300"]
[EndTime "6:51:32 PDT"]
[Termination "booktrunk won by checkmate"]

1. d4 d5 2. Bf4 Nc6 3. e3 Nf6 4. Nf3 h6 5. h3 Ne4 6. Nbd2 Nxd2 7. Qxd2 e6 8. Bb5 Bd7 9. Qe2 a6 10. Ba4 b5 11. Bb3 Na5 12. O-O Nxb3 13. axb3 Bc6 14. Ne5 Bb7 15. c4 dxc4 16. bxc4 bxc4 17. Qxc4 Bd5 18. Qa4+ c6 19. Nxc6 Qd7 20. Ne5 Qxa4 21.
Rxa4 g5 22. Bh2 Be7 23. Rc1 O-O 24. Rc7 Bd6 25. Rd7 Bxe5 26. Bxe5 Bc6 27. Rxa6 Rxa6 28. Rd6 Bb7 29. Rd7 Bc8 30. Rc7 Rb6 31. Rc2 Ba6 32.
Kh2 Bd3 33. Rd2 Bc4 34. Bf6 Kh7 35. Be7 Re8 36. Bc5 Rb3 37. Rc2 Bd5 38. Kg3 Kg6 39. Ba3 h5 40. Rc3 Rxc3 41. bxc3 h4+ 42. Kg4 Bxg2 43.
f4 f5# 0-1

[Event "Live Chess"]
[Site "Chess.com"]
[Date "2024.06.02"]
[Round "-"]
[White "TheSmoulderingMaster"]
[Black "Larchikov"]
[Result "0-1"]
[WhiteElo "1769"]
[BlackElo "2054"]
[TimeControl "300"]
[EndTime "6:52:24 PDT"]
[Termination "Larchikov won by checkmate"]

1. e4 e5 2. Nf3 Nc6 3. Bb5 Bc5 4.
O-O Nf6 5. c3 a6 6. Ba4 b5 7.
Bc2 O-O 8. d4 Bb6 9. Bg5 h6 10.
Bh4 d6 11. dxe5 dxe5 12. Qe2 Bg4 13. h3 Bh5 14. Nbd2 Qe7 15. Rfe1 Nd8 16. Nf1 Ne6 17. Ng3 Nf4 18. Qf1 Nxh3+ 19. Kh2 Nxf2 20. Nxh5 N2g4+ 21. Kg3 Nxh5+ 22. Kxg4 Qe6+ 23. Kxh5 g6+ 24. Kxh6 g5+ 25. Kxg5 Qg6# 0-1

[Event "Live Chess"]
[Site "Chess.com"]
[Date "2024.06.02"]
[Round "-"]
[White "DylanMeyer1"]
[Black "Nazar-Makarchuk"]
[Result "1-0"]
[WhiteElo "1715"]
[BlackElo "1484"]
[TimeControl "300"]
[EndTime "6:52:24 PDT"]
[Termination "DylanMeyer1 won by resignation"]

1. c4 d5 2. Nc3 dxc4 3. e3 Nf6 4.
g3 Nc6 5. Bxc4 e5 6. Bf1 Bg4 7.
Nge2 Nd5 8. Bg2 Nxc3 9. bxc3 Bxe2 10. Qxe2 Qd6 11. O-O O-O-O 12. d4 exd4 13. exd4 f6 14. Bf4 Qe7 15. Qb5 Qd7 16. Rab1 b6 17. Bxc6 Qe6 18.
d5 Qe4 19. Qa6+ 1-0

[Event "Live Chess"]
[Site "Chess.com"]
[Date "2024.06.02"]
[Round "-"]
[White "grillage"]
[Black "JohanKjeldahl"]
[Result "1-0"]
[WhiteElo "1886"]
[BlackElo "1796"]
[TimeControl "300"]
[EndTime "6:52:34 PDT"]
[Termination "grillage won by checkmate"]

1. d4 Nf6 2. Nf3 e6 3. c4 b6 4. a3 Bb7 5. Nc3 Be7 6. d5 O-O 7. g3 d6 8. Bg2 e5 9. O-O Nbd7 10. Qc2 a5 11. Bg5 h6 12. Bxf6 Bxf6 13. b4 axb4 14. axb4 Qe7 15. Nd2 g6 16. Nde4 Bg7 17.
Nb5 f5 18. Rxa8 Rxa8 19. Nec3 Nf6 20. e4 f4 21. Bh3 g5 22. Be6+ Kh7 23. Qb2 Bc8 24.
Bxc8 Rxc8 25. Ra1 f3 26. Qc1 Qd7 27. Ra7 Qg4 28. Qe3 Ne8 29. Nb1 Qh5 30. Qe1 g4 31.
Nd2 Qg5 32. h3 h5 33. h4 Qg6 34. Nf1 Bh6 35. Qb1 Qf7 36. Qd3 Kg6 37. Ne3 Bxe3 38. Qxe3 Qf6 39. Qa3 Qd8 40. Rb7 Ra8 41. Ra7 Rc8 42.
Qa6 Kf6 43. Qa1 Kg6 44. Qc1 c6 45. dxc6 Rxc6 46. Qd2 Rxc4 47. Qd5 Rc1+ 48. Kh2 Qf6 49. Qg8+ Ng7 50. Nxd6 Rf1 51. Nf5 Rxf2+ 52. Kg1 Rg2+ 53. Kf1 Rc2 54. Rxg7+ Qxg7 55. Qxg7# 1-0

[Event "Live Chess"]
[Site "Chess.com"]
[Date "2024.06.02"]
[Round "-"]
[White "Inglaterra"]
[Black "GEMdzq"]
[Result "0-1"]
[WhiteElo "2061"]
[BlackElo "2295"]
[TimeControl "300"]
[EndTime "6:52:45 PDT"]
[Termination "GEMdzq won by resignation"]

1. e4 Nf6 2. Nc3 e6 3. Nf3 c5 4.
d4 cxd4 5. Nxd4 Nc6 6. Be3 a6 7. Be2 Qc7 8. O-O d6 9. Qd2 Be7 10. Rad1 O-O 11. f4 Bd7 12. Bf3 Rac8 13. Qf2 e5 14.
Nb3 Nb4 15. a3 Nc6 16. h3 exf4 17. Bxf4 Ne5 18. Nd2 b5 19. Rfe1 a5 20. Bxe5 dxe5 21. Kh1 b4 22. axb4 axb4 23. Nd5 Nxd5 24. exd5 Qxc2 25.
Rxe5 Bf6 26. Ree1 Qxb2 27. Qa7 Ba4 28. Qxa4 Bc3 29. Re2 Ra8 30. Qb3 Ra2 31. Qxb2 Rxb2 32. Ne4 Rxe2 33. Bxe2 Be5 34. Rb1 f5 35. Nc5 Rc8 36.
Ne6 Rc2 37. Bd3 Rd2 38. Bxf5 g6 39. Bg4 b3 40. Bf3 b2 41. Kg1 Rc2 42. Be4 Re2 43. Kf1 Rxe4 44. d6 Bxd6 45. Rxb2 Rxe6 0-1

[Event "Live Chess"]
[Site "Chess.com"]
[Date "2024.06.02"]
[Round "-"]
[White "Mikhail_Golubev"]
[Black "LL220284LL"]
[Result "1-0"]
[WhiteElo "2489"]
[BlackElo "2473"]
[TimeControl "300"]
[EndTime "6:52:50 PDT"]
[Termination "Mikhail_Golubev won by resignation"]

1. e4 c6 2. Nf3 g6 3. d4 Bg7 4. Nc3 d6 5. h3 Nd7 6. a4 Qc7 7. Be3 Ngf6 8. Nd2 O-O 9. Be2 e5 10. dxe5 dxe5 11. Nc4 Nb6 12. Qd6 Qxd6 13. Nxd6 Rd8 14.
O-O-O Ne8 15. Nxc8 Raxc8 16. a5 Na8 17. Bg4 Rxd1+ 18.
Rxd1 f5 19. exf5 Nf6 20. fxg6 Nxg4 21. gxh7+ Kxh7 22. hxg4 Nc7 23. Rd7 Ne6 24. Ne4 Kg6 25. Rxb7 Rh8 26. Rxa7 Rh2 27. a6 Rxg2 28. Rd7 Rg1+ 29.
Rd1 Rxg4 30. a7 Nc7 31. Rd6+ Kh7 32. Rxc6 Rxe4 33. Rxc7 Ra4 34. b4 Kg6 35. b5 e4 36.
Rxg7+ Kxg7 37. b6 1-0

[Event "Live Chess"]
[Site "Chess.com"]
[Date "2024.06.02"]
[Round "-"]
[White "uselessduffer"]
[Black "AndrewBak1"]
[Result "1-0"]
[WhiteElo "2353"]
[BlackElo "1875"]
[TimeControl "300"]
[EndTime "6:53:32 PDT"]
[Termination "uselessduffer won by checkmate"]

1. e4 c5 2. Nc3 Nc6 3. Bb5 Nd4 4. Nf3 Nxb5 5. Nxb5 a6 6. Nc3 b5 7. d4 cxd4 8. Qxd4 Bb7 9. Bg5 d6 10. O-O-O Qa5 11. e5 Rd8 12. Rhe1 b4 13. exd6 bxc3 14. d7+ Rxd7 15. Qxd7# 1-0

[Event "Live Chess"]
[Site "Chess.com"]
[Date "2024.06.02"]
[Round "-"]
[White "Mangoalo"]
[Black "Larchikov"]
[Result "0-1"]
[WhiteElo "1068"]
[BlackElo "2054"]
[TimeControl "300"]
[EndTime "6:53:33 PDT"]
[Termination "Larchikov won by resignation"]

1. c4 Nf6 2. Nc3 c6 3. d4 d5 4. cxd5 cxd5 5. Bg5 Nc6 6. f4 Bf5 7. Nf3 e6 8. g3 Qb6 9. b3 Bb4 10. Qd2 Ne4 11. Nxe4 0-1

[Event "Live Chess"]
[Site "Chess.com"]
[Date "2024.06.02"]
[Round "-"]
[White "NottheBishopSacrifice"]
[Black "Harry_Li"]
[Result "1-0"]
[WhiteElo "2331"]
[BlackElo "2113"]
[TimeControl "300"]
[EndTime "6:53:36 PDT"]
[Termination "NottheBishopSacrifice won on time"]

1. d4 d5 2. Nf3 c5 3. c4 e6 4. cxd5 exd5 5. Nc3 Nf6 6. Bg5 Be6 7. e3 c4 8. Ne5 Qa5 9. Bxf6 gxf6 10.
Nf3 Bb4 11. Qc2 Nc6 12. Be2 b5 13. O-O O-O 14. a3 Bxc3 15. bxc3 Qc7 16. e4 a5 17. exd5 Bxd5 18. Qf5 Qd6 19. Bd1 Ne7 20. Qh5 Be4 21.
Qg4+ Bg6 22. Nd2 Nd5 23. Bf3 Rab8 24. Rac1 Rfd8 25. a4 Qf4 26. Qxf4 Nxf4 27. axb5 Bd3 28. Rfe1 Rxb5 29. g3 Nh3+ 30. Kg2 Ng5 31. Be2 Rb2 32. Bxd3 cxd3 33. Red1 Re8 34. Nc4 Ra2 35. Rxd3 Ree2 36. Rf1 Ne4 37. Rf3 Rac2 38. Nxa5 Nd2 39. Rxf6 Nxf1 40. Kxf1 Red2 41. Rf3 Rd1+ 42. Kg2 Ra1 43. Nb3 Ra3 44. Nc5 Rcxc3 45. Rxc3 Rxc3 46. Ne4 Rc4 47.
Nf6+ Kg7 48. Ng4 Rxd4 49. Ne3 Re4 50. Nf5+ Kf6 51. Ne3 Re8 52. Kf3 h5 53. h4 Kg6 54.
Ng2 f5 55. Nf4+ Kh6 56. Nh3 Rb8 57. Ng5 Rb3+ 58. Kg2 Rb4 59. Nf3 f4 60. gxf4 Rxf4 61. Kg3 1-0

[Event "Live Chess"]
[Site "Chess.com"]
[Date "2024.06.02"]
[Round "-"]
[White "davigator"]
[Black "KeithArkell"]
[Result "0-1"]
[WhiteElo "2349"]
[BlackElo "2431"]
[TimeControl "300"]
[EndTime "6:53:45 PDT"]
[Termination "KeithArkell won by resignation"]

1. e4 c6 2. d4 d5 3. e5 c5 4. dxc5 Nc6 5. a3 a5 6. Bb5 e6 7. Be3 Bd7 8. Bxc6 Bxc6 9. Nf3 Ne7 10. O-O Nf5 11. Qd2 Nxe3 12. Qxe3 a4 13. Rd1 Qa5 14. Nc3 Bxc5 15. Qg5 O-O 16. h4 h6 17. Qg4 Qb6 18. Nd4 Qxb2 19. Nxc6 bxc6 20. Qg3 Qb7 21.
Ne2 Qe7 22. c3 Bxa3 23. Nd4 Rfc8 24. c4 Bc5 25. cxd5 cxd5 26. Nf3 a3 27. Ra2 Rab8 28. Kh2 Rb2 29. Raa1 a2 30. Nd2 Bd4 31. f4 Rxd2 32.
Rxd2 Bxa1 33. Rxa2 Bd4 34. Qd3 Qxh4+ 0-1

[Event "Live Chess"]
[Site "Chess.com"]
[Date "2024.06.02"]
[Round "-"]
[White "JanMur7"]
[Black "wadsy27"]
[Result "0-1"]
[WhiteElo "2294"]
[BlackElo "2588"]
[TimeControl "300"]
[EndTime "6:54:05 PDT"]
[Termination "wadsy27 won by resignation"]

1. c4 e5 2. Nc3 Nf6 3. Nf3 e4 4. Ng5 c6 5. Ngxe4 Nxe4 6. Nxe4 d5 7. cxd5 cxd5 8. Ng3 h5 9. e3 h4 10. Ne2 Nc6 11. b3 Bg4 12. h3 Bh5 13. Bb2 d4 14. exd4 Rh6 15. f3 Re6 16. Kf2 Qg5 17. d5 Bc5+ 18.
d4 Qe3+ 0-1

[Event "Live Chess"]
[Site "Chess.com"]
[Date "2024.06.02"]
[Round "-"]
[White "NeilDruggan73"]
[Black "OxonChess"]
[Result "0-1"]
[WhiteElo "1712"]
[BlackElo "1809"]
[TimeControl "300"]
[EndTime "6:54:28 PDT"]
[Termination "OxonChess won on time"]

1. d4 Nf6 2. Bg5 Ne4 3. h4 h6 4. Bf4 d6 5. e3 g6 6. Nd2 Bf5 7. Bd3 d5 8. Ngf3 Nd7 9. Bxe4 dxe4 10. Ne5 Bg7 11. g4 Be6 12. c4 Nxe5 13. Bxe5 f6 14. d5 Bf7 15. Bc3 Qd7 16. Nxe4 O-O-O 17. f3 Rhe8 18. Qb3 f5 19. Bxg7 fxe4 20. fxe4 Qxg4 21. Qd3 e6 22. Kd2 exd5 23. exd5 Qg2+ 24. Kc3 c6 25. Rhg1 Qf3 26. Raf1 Qh3 27. Bd4 Qd7 28. e4 cxd5 29. cxd5 Kb8 30. b3 Rc8+ 31. Kb2 Qe7 32. Re1 Qxh4 33. Rgf1 Bxd5 34. Rh1 Qg4 35. Rhg1 Qh4 36.
Rh1 Qg4 37. exd5 Qg2+ 38. Ka3 Rf8 39. Rhg1 Qh3 40. Rxg6 Qxd3 41. Re7 Qxd4 42. Rgg7 Qc5+ 0-1

[Event "Live Chess"]
[Site "Chess.com"]
[Date "2024.06.02"]
[Round "-"]
[White "Crowded_House"]
[Black "E2E4colchester"]
[Result "1-0"]
[WhiteElo "1631"]
[BlackElo "1179"]
[TimeControl "300"]
[EndTime "6:54:39 PDT"]
[Termination "Crowded_House won by checkmate"]

1. d4 d5 2. Bg5 Nf6 3. e3 h6 4.
Bh4 g5 5. Bg3 e6 6. Bd3 Bg7 7.
Nd2 O-O 8. c3 b6 9. Ngf3 c5 10.
dxc5 bxc5 11. O-O c4 12. Bc2 Ba6 13. Re1 Re8 14. e4 Nc6 15. exd5 exd5 16. Rxe8+ Qxe8 17. Qe1 Rb8 18. b3 Qxe1+ 19. Rxe1 Re8 20. Rxe8+ Nxe8 21. Nb1 cxb3 22. axb3 Na5 23. Be5 f5 24. Bxg7 Nxg7 25.
Nd4 Kf7 26. Nxf5 Nxf5 27. Bxf5 Kf6 28. Bc2 Ke5 29. f3 Kf4 30. Kf2 Bb5 31. g3+ Ke5 32. Ke3 Ba6 33. f4+ gxf4+ 34. gxf4+ Kf6 35. Nd2 h5 36. Kd4 Ke6 37. f5+ Kd6 38. f6 h4 39. f7 Nc6+ 40. Ke3 Ke7 41. Nf3 h3 42. Ng5 Ne5 43. Nxh3 Kxf7 44. Kd4 Ke6 45. Nf4+ Kd6 46. Nxd5 Nc6+ 47.
Ke4 Na5 48. Nb4 Ke6 49. Nxa6 Nc6 50. h4 Kf6 51. Kd5 Na5 52. c4 Kg7 53. c5 Kh6 54. c6 Nxc6 55. Kxc6 Kh5 56. Kb7 Kxh4 57. Kxa7 Kg4 58. b4 Kf4 59. b5 Ke5 60. b6 Kd4 61. b7 Ke3 62. b8=Q Kf2 63. Qe5 Kg1 64. Qf4 Kg2 65. Be4+ Kg1 66. Qg3+ Kf1 67. Qg2+ Ke1 68. Qg1+ Kd2 69. Kb6 Kc3 70. Qg3+ Kc4 71. Qd3# 1-0

[Event "Live Chess"]
[Site "Chess.com"]
[Date "2024.06.02"]
[Round "-"]
[White "booktrunk"]
[Black "PavelChernomordik"]
[Result "0-1"]
[WhiteElo "1503"]
[BlackElo "2503"]
[TimeControl "300"]
[EndTime "6:55:03 PDT"]
[Termination "PavelChernomordik won by resignation"]

1. d4 g6 2. Nc3 Bg7 3. Bf4 d6 4. e3 Nd7 5. Nf3 e5 6. dxe5 dxe5 7. Bg3 Qe7 8. Qd2 c6 9. O-O-O Nh6 10. Be2 O-O 11.
h4 Nf5 12. h5 Nxg3 13. fxg3 Nc5 14. hxg6 hxg6 15. e4 Ne6 16. Rh2 Rd8 17. Rdh1 Rxd2 18. Nxd2 Nd4 19. Bc4 Be6 20. Bxe6 Qxe6 21. Nf3 Nxf3 22. gxf3 Rd8 23. Ne2 Qxa2 0-1

[Event "Live Chess"]
[Site "Chess.com"]
[Date "2024.06.02"]
[Round "-"]
[White "seasidecastle27"]
[Black "Anareza_Firouzja"]
[Result "1-0"]
[WhiteElo "1952"]
[BlackElo "1881"]
[TimeControl "300"]
[EndTime "6:55:04 PDT"]
[Termination "seasidecastle27 won on time"]

1. d4 Nf6 2. Nf3 e6 3. Bg5 d5 4. Nbd2 c5 5. e3 Nc6 6. c3 cxd4 7. exd4 Be7 8. Bd3 Bd6 9. Qe2 h6 10. Bh4 Bd7 11. Ne5 Rb8 12. O-O a6 13. f4 b5 14.
a3 Na5 15. f5 Nc4 16. fxe6 Bxe6 17. Ndxc4 bxc4 18. Bg6 fxg6 19. Nxg6 Kf7 20. Nxh8+ Qxh8 21. Rae1 Re8 22. Bxf6 gxf6 23. Qh5+ Ke7 24. Qxd5 Kd7 25. Qb7+ Bc7 26. Qxa6 Qg8 27. Qb5+ Kd8 28. d5 Bd7 29. Rxe8+ Qxe8 30. Qxc4 Qe3+ 31. Kh1 Qe5 32. Qh4 Kc8 33. c4 Bg4 34. Qxh6 Qe2 35. Qf8+ Kb7 36. Qxf6 Bd7 37. Qf3 Qxb2 38. c5 Bb5 39. c6+ Ka6 40. h3 Bxf1 41.
Qxf1+ Ka7 42. Qg1+ Kb8 43. Qf1 Qxa3 44. Qd1 Qd6 45.
Kg1 Qh2+ 46. Kf1 Bg3 47. Qb1+ Kc8 48. Qf5+ Kb8 49. Qf8+ Ka7 50. Qe7+ Kb6 51. Qb7+ 1-0